 Dungeon Crawl Stone Soup version 0.28.0 (webtiles) character file.

Game seed: 15059738219225292563

5516 Anon1729 the Martial Artist (level 10, -7/58 HPs)
             Began as an Octopode Transmuter on Feb 18, 2022.
             Was a Priest of Fedhas.
             Killed by divine providence
             ... invoked by an orc priest
              (11 damage)
             ... on level 9 of the Dungeon.
             The game lasted 00:22:32 (14335 turns).

Anon1729 the Martial Artist (Octopode Transmuter)  Turns: 14335, Time: 00:22:33

Health: -7/58      AC:  2    Str: 11    XL:     10   Next: 70%
Magic:  10/13      EV: 23    Int: 19    God:    Fedhas [***...]
Gold:   409        SH:  0    Dex: 17    Spells: 7/13 levels left

rFire   + . .      SeeInvis .     - Unarmed
rCold   x . .      Faith    +   (shield currently unavailable)
rNeg    . . .      Spirit   .   (helmet currently unavailable)
rPois   x          Reflect  .   m - amulet of faith
rElec   .          Harm     .   l - ring of fire
rCorr   .          Rampage  .   (no ring)
Will    .....                   (no ring)
Stlth   ++++......              (no ring)
HPRegen 0.19/turn               (no ring)
MPRegen 0.13/turn               (no ring)
                                (no ring)
                                (no ring)

@: spider-form
A: venomous fangs, almost no armour, (amphibious), 8 rings, tiny, (camouflage
1), (gelatinous body 1), (nimble swimmer 1), (tentacles)
a: End Transformation, Renounce Religion, Wall of Briars, Grow Ballistomycete


You were on level 9 of the Dungeon.
You worshipped Fedhas.
Fedhas was most pleased with you.
You were a venomous arachnid creature.
You visited 2 branches of the dungeon, and saw 10 of its levels.

You collected 409 gold pieces.

Inventory:

Hand Weapons
 u - the +7 mace of Vannas {vorpal, rElec}
   (You found it on level 7 of the Dungeon)

   It inflicts extra damage upon your enemies.
   rElec:     It insulates you from electricity.
Missiles
 b - 2 curare-tipped darts
Jewellery
 l - a ring of fire (left front leg)
 m - an amulet of faith (around neck)
Wands
 h - a wand of iceblast (6)
 j - a wand of polymorph (7)
 p - a wand of acid (4)
Scrolls
 c - 2 scrolls of blinking
 d - 2 scrolls of fear
 f - 3 scrolls of amnesia
 i - 8 scrolls of teleportation
 o - a scroll of holy word
 r - a scroll of enchant weapon {unknown}
 t - a scroll of fog {unknown}
Potions
 a - 3 potions of mutation
 e - a potion of might {unknown}
 g - a potion of attraction {unknown}
 k - a potion of haste {unknown}
 n - a potion of lignification {unknown}
 q - a potion of degeneration {unknown}
 s - a potion of ambrosia


   Skills:
 - Level 1.0 Fighting
 + Level 6.2 Dodging
 + Level 8.5 Stealth
 * Level 9.7 Unarmed Combat
 - Level 2.0 Spellcasting
 + Level 6.2 Transmutations
 + Level 7.0 Poison Magic
 + Level 4.4 Invocations


You had 7 spell levels left.
You knew the following spells:

 Your Spells              Type           Power      Damage    Failure   Level
a - Beastly Appendage     Tmut           50%        N/A       6%          1
b - Wereblood             Tmut           25%        N/A       8%          2
c - Spider Form           Tmut/Pois      27%        N/A       11%         3

Your spell library contained the following spells:

 Spells                   Type           Power      Damage    Failure   Level
 Magic Dart               Conj           4%         1d3       36%         1
 Mephitic Cloud           Conj/Pois/Air  10%        N/A       38%         3
 Call Imp                 Summ           1%         N/A       47%         2
 Scorch                   Fire           4%         2d5       47%         2
 Sublimation of Blood     Necr           1%         N/A       47%         2
 Ice Form                 Ice/Tmut       13%        N/A       65%         4
 Flame Wave               Conj/Fire      2%         2d4       95%         4
 Summon Cactus Giant      Summ           0%         N/A       100%        6
 Summon Hydra             Summ           0%         N/A       100%        7


Dungeon Overview and Level Annotations

Branches:
Dungeon (9/15)             Temple (1/1) D:6
   Lair: D:8-11         Orc: D:9-12

Altars:
Ashenzari
Cheibriados
Dithmenos
Elyvilon
Fedhas
Gozag
Kikubaaqudgha
Makhleb
Nemelex Xobeh
Okawaru
Qazlal
Ru
Sif Muna
Trog
Vehumet
Wu Jian
Yredelemnul
Zin
The Shining One

Shops:
D:2 (   D:3 [   D:7 [


Innate Abilities, Weirdness & Mutations

You are a venomous arachnid creature.
You have poisonous fangs.
You are tiny and dextrous.
Your spellcasting is less reliable in this form.
Your armour is entirely melded.
You are incapable of wielding weapons or throwing items.
You cannot wear most types of armour.
((You are amphibious.))
You can wear up to eight rings at the same time.
((Your skin changes colour to match your surroundings (Stealth+).))
((Your rubbery body absorbs attacks. (AC +1, EV +1)))
((You are camouflaged when in or above water. (Stealth+)))
((You have tentacles for arms and can constrict up to eight enemies at once.))


Message History

An orc warrior and an orc come into view.
The orc priest shouts!
The orc shouts!
The orc warrior shouts!
The orc shouts!
Casting: Beastly Appendage (safe; 1% risk of failure)
Confirm with . or Enter, or press ? or * to list all spells.
Your tentacle spike disappears.
You turn into a venomous arachnid creature.
The orc priest looks satisfied for a moment.
The orc hits you with a +0 short sword.
You hit the orc.
The orc is poisoned.
The orc is almost dead.
The orc closely misses you.
You barely miss the orc.
The orc is almost dead.
The orc priest hits you with a +0 whip.
You hit the orc warrior.
The orc warrior is poisoned.
The orc warrior is lightly wounded.
You kill the orc!
Fedhas appreciates your contribution to the ecosystem.
The orc priest hits you with a +0 whip. The orc hits you with a +0 short sword.
You hit the orc warrior but do no damage.
The orc warrior is lightly wounded.
The orc priest calls upon Beogh to heal the orc warrior.
The orc warrior's wounds heal themselves!
You hit the orc priest but do no damage.
The orc priest is poisoned.
The orc closely misses you.
The orc warrior hits you with a +0 flail!
You hit the orc priest.
The orc priest looks as sick as possible!
The orc priest is lightly wounded.
The orc priest invokes the aid of Beogh against you.
Beogh smites you! The orc barely misses you.
The orc warrior hits you with a +0 flail!
* * * LOW HITPOINT WARNING * * *
The orc priest mumbles some strange prayers to Beogh against you.
Beogh smites you!
* * * LOW HITPOINT WARNING * * *
The orc priest mumbles some strange prayers to Beogh against you.
Beogh smites you!
You die...
Fedhas appreciates your contribution to the ecosystem.

........#......
#......#......
.#.............
...............##
......).........##
..##..o....##....#
.......oo.........
.##.$.............
....#..s..........
#...#.............
###...###.........
##....####........
.##......#..........
..............##... .
#................. ..
#.................
...###................


You could see an orc warrior (very poisoned), an orc priest (extremely poisoned)
and an orc.

Vanquished Creatures
  Maggie (D:7)
  A kobold demonologist (D:8)
  A troll (D:8)
  Sigmund (D:2)
  A steam dragon (D:7)
  An acid dragon (D:9)
  Menkaure (D:7)
  2 water moccasins
  A swamp drake (D:7)
  3 orc warriors
  4 sky beasts
  2 necrophages
  2 ogres (D:7)
  2 centaurs
  8 kobold brigands
  A phantom (D:5)
  3 bullfrogs
  A gnoll sergeant (D:8)
  2 scorpions (D:5)
  Blork the orc (D:4)
  A wyvern skeleton (D:7)
  2 water moccasin skeletons (D:5)
  4 killer bees
  A bullfrog zombie (D:6)
  3 jellies
  6 centaur zombies
  5 orc priests
  A gnoll shaman (D:7)
  5 hounds
  Crazy Yiuf (D:7)
  5 iguanas
  Natasha (thrice) (D:4)
  6 orc wizards
  A hound zombie (D:4)
  3 hound skeletons
  7 adders
  9 gnolls
  3 shadow imps
  An ufetubus (D:6)
  A worm (D:1)
  A dart slug (D:3)
  28 orcs
  2 ball pythons
  4 bats
  6 endoplasms
  8 giant cockroaches
  6 goblins
  5 hobgoblins
  8 jackals
  37 kobolds
  4 quokkas
  2 frilled lizards (D:2)
  7 kobold skeletons (D:8)
  11 kobold zombies (D:8)
  A quokka skeleton (D:4)
  8 rats
245 creatures vanquished.

Vanquished Creatures (collateral kills)
  2 killer bees (D:8)
2 creatures vanquished.

Vanquished Creatures (others)
  6 plants (D:6)
6 creatures vanquished.

Grand Total: 253 creatures vanquished

Notes
Turn   | Place    | Note
-------+----------+-------------------------------------------
     0 | D:1      | Anon1729 the Octopode Transmuter began the quest for the
                  | Orb.
     0 | D:1      | Reached XP level 1. HP: 13/13 MP: 3/3
     1 | D:1      | Found a runed translucent door.
   114 | D:1      | Found a faded altar of an unknown god.
   733 | D:1      | Reached XP level 2. HP: 15/18 MP: 3/5
   986 | D:1      | Learned a level 2 spell: Wereblood
  1003 | D:1      | Reached skill level 4 in Unarmed Combat
  1009 | D:1      | Reached XP level 3. HP: 23/23 MP: 3/6
  1065 | D:1      | Learned a level 3 spell: Spider Form
  1448 | D:2      | Reached XP level 4. HP: 22/28 MP: 5/7
  1617 | D:2      | Found Xiakeaq's Antique Weapon Emporium.
  1784 | D:2      | Found a basalt altar of Yredelemnul.
  1836 | D:2      | Noticed Sigmund
  1989 | D:2      | Killed Sigmund
  1990 | D:2      | Reached skill level 5 in Unarmed Combat
  1990 | D:2      | Reached XP level 5. HP: 33/33 MP: 4/8
  2059 | D:3      | Found Agoy's Antique Armour Shop.
  2089 | D:3      | Reached XP level 6. HP: 35/38 MP: 7/9
  2288 | D:3      | Found an ornate altar of the Wu Jian Council.
  3869 | D:4      | Noticed Blork the orc
  3884 | D:4      | Killed Blork the orc
  3885 | D:4      | Reached XP level 7. HP: 43/43 MP: 7/10
  4287 | D:4      | Noticed Natasha
  4294 | D:4      | Killed Natasha
  4551 | D:5      | Entered Level 5 of the Dungeon
  4787 | D:5      | Reached skill level 6 in Unarmed Combat
  5305 | D:4      | Noticed Natasha
  5313 | D:4      | Killed Natasha
  5466 | D:5      | Reached XP level 8. HP: 15/48 MP: 9/11
  5473 | D:5      | HP: 2/48 [poisoned by a water moccasin]
  5945 | D:4      | Noticed Natasha
  5953 | D:4      | Killed Natasha
  6242 | D:5      | Reached skill level 5 in Stealth
  6460 | D:5      | Reached skill level 7 in Unarmed Combat
  6486 | D:5      | Found an iron altar of Okawaru.
  6742 | D:5      | Found a burning altar of Makhleb.
  6872 | D:6      | Found a staircase to the Ecumenical Temple.
  6951 | Temple   | Entered the Ecumenical Temple
  7241 | Temple   | Became a worshipper of Fedhas Madash
  7284 | D:6      | Reached skill level 5 in Poison Magic
  7284 | D:6      | Reached XP level 9. HP: 24/53 MP: 10/12
  7874 | D:6      | Reached skill level 1 in Invocations
  8409 | D:7      | Reached skill level 8 in Unarmed Combat
  8475 | D:7      | Reached skill level 5 in Dodging
  8475 | D:7      | Reached skill level 5 in Transmutations
  8690 | D:7      | Found Padoc's Armour Shoppe.
  8863 | D:7      | Noticed Maggie
  8879 | D:7      | Reached * piety under Fedhas
  9302 | D:7      | Killed Maggie
 10335 | D:7      | Noticed Menkaure
 10741 | D:7      | Reached XP level 10. HP: 37/58 MP: 10/13
 11138 | D:7      | Killed Menkaure
 11383 | D:7      | Found a runed translucent door.
 11384 | D:7      | Noticed Crazy Yiuf
 11392 | D:7      | Killed Crazy Yiuf
 11394 | D:7      | Identified the +7 mace of Vannas {vorpal, rElec}
 11447 | D:8      | Reached skill level 9 in Unarmed Combat
 12736 | D:8      | Reached ** piety under Fedhas
 12791 | D:8      | Noticed a kobold demonologist
 12813 | D:8      | Killed a kobold demonologist
 12880 | D:7      | Reached *** piety under Fedhas
 13649 | D:8      | Found an ancient bone altar of Kikubaaqudgha.
 14335 | D:9      | Killed from afar by an orc priest

Illustrated notes

Levels and vault maps discovered:
D:1:      dpeg_arrival_caged_fury, layout_loops_ring,
          hellmonk_ecumenical_altar_crossroads
D:2:      layout_basic, serial_shops, shop, basic_altar, minmay_close_crescents,
          uniq_sigmund
D:3:      minmay_chambers_of_twos, layout_basic, mainiacjoe_overflow_brackets,
          serial_shops, shop, hangedman_feature_mirror,
          kennysheep_generic_room_7
D:4:      layout_cave_pools, uniq_blork_the_orc, uniq_natasha
D:5:      layout_cave_pools, okawaru_ov_weapons_minmay,
          makhleb_blood_cavern_becter
D:6:      layout_rooms, minmay_temple_entry_overgrown
D:7:      layout_loops_ring, serial_shops, nicolae_shop_hallway_plus,
          hangedman_decor_peaks_small, uniq_menkaure, uniq_crazy_yiuf_cottage,
          uniq_maggie
D:8:      wander_kiku_kobolds, layout_rooms
D:9:      layout_cave_pools, general_overflow_altar, lightli_wizard_tower
Temple:   eino_temple_scatter_basement

Skill      XL: |  1  2  3  4  5  6  7  8  9 10 |
---------------+-------------------------------+-----
Unarmed Combat | 4 5 6 7 8 9 |  9.7
Stealth        | 2 3 4 5 7 8 |  8.5
Poison Magic   | 2 3 5 6 7 |  7.0
Transmutations | 3 4 5 6 |  6.2
Dodging        | 3 4 5 6 |  6.2
Invocations    | 3 4 |  4.4
Fighting       | |  1.0
Spellcasting   | |  2.0

Action                   |  1- 3 |  4- 6 |  7- 9 | 10-12 || total
-------------------------+-------+-------+-------+-------++-------
Melee: Unarmed           |    80 |   102 |   339 |   199 ||   720
       Constrict         |    21 |    19 |    38 |    12 ||    90
       Tentacles         |    17 |    17 |    47 |    13 ||    94
       Kick              |    15 |    17 |    38 |    20 ||    90
       Punch             |     5 |     4 |    12 |     6 ||    27
 Cast: Beastly Appendage |    12 |    17 |    27 |    14 ||    70
       Wereblood         |     2 |       |       |     4 ||     6
       Spider Form       |       |     2 |    22 |    14 ||    38
Invok: Wall of Briars    |       |       |       |     1 ||     1
Evoke: Wand              |       |       |     2 |     1 ||     3
  Use: Scroll            |       |     5 |     2 |     3 ||    10
       Potion            |       |       |     2 |     3 ||     5
 Stab: Sleeping          |     4 |    10 |    15 |     2 ||    31
       Distracted        |       |     1 |       |     2 ||     3
Armor: Skin              |     7 |     5 |    18 |    10 ||    40
Dodge: Dodged            |    36 |    73 |   262 |   210 ||   581
